 Dungeon Crawl Stone Soup version 0.25-a0-661-g55ea3d2 (webtiles) character file.

Game seed: 11457373063742673062, levelgen mode: deterministic

1447 MrTaco21 the Basher (level 8, -4/46 HPs)
             Began as a Gargoyle Fighter on Mar 23, 2020.
             Shot with a sling bullet by Joseph (10 damage)
             ... on level 7 of the Dungeon.
             The game lasted 00:09:25 (6390 turns).

MrTaco21 the Basher (Gargoyle Fighter)              Turns: 6390, Time: 00:09:25

Health: -4/46      AC: 15    Str: 22    XL:     8   Next: 75%
Magic:  8/8        EV:  5    Int:  9    God:
Gold:   324        SH:  9    Dex:  9    Spells: 7/7 levels left

rFire    . . .     SeeInvis +   u - +2 flail (protect)
rCold    . . .     Gourm    .   s - +0 kite shield
rNeg     + . .     Faith    .   k - +0 chain mail
rPois    ∞         Spirit   .   (no helmet)
rElec    +         Reflect  .   (no cloak)
rCorr    .         Harm     .   v - +0 pair of gloves
MR       .....                  (no boots)
Stlth    ..........             (no amulet)
HPRegen  0.15/turn              z - ring of see invisible
MPRegen  0.11/turn              (no ring)

@: no status effects
A: negative energy resistance 1, electricity resistance, unbreathing,
petrification resistance, rot immunity, AC +5
a: no special abilities


You were on level 7 of the Dungeon.
You were not hungry.

You visited 1 branch of the dungeon, and saw 7 of its levels.

You collected 324 gold pieces.

Inventory:

Hand Weapons
 u - a +2 flail of protection (weapon)
   (You took it off Edmund on level 3 of the Dungeon)
Missiles
 q - 27 poisoned darts (quivered)
 E - 2 throwing nets {!f}
Armour
 k - a +0 chain mail (worn)
   (You found it on level 1 of the Dungeon)
 s - a +0 kite shield (worn)
 v - a +0 pair of gloves (worn)
   (You found it on level 6 of the Dungeon)
Jewellery
 z - a ring of see invisible (left hand)
   (You found it on level 1 of the Dungeon)
 A - an uncursed ring of resist corrosion {unknown}
   (You found it on level 6 of the Dungeon)
Wands
 c - a wand of disintegration (7)
   (You found it on level 4 of the Dungeon)
 d - a wand of iceblast (7)
   (You found it on level 3 of the Dungeon)
 t - a wand of flame (20)
   (You found it on level 7 of the Dungeon)
Scrolls
 a - a scroll of teleportation {unknown}
 i - 3 scrolls of enchant armour {unknown}
 j - 4 scrolls of remove curse {unknown}
 l - a scroll of blinking {unknown}
 n - 5 scrolls of identify {unknown}
 x - a scroll of fog {unknown}
 y - a scroll of fear {unknown}
 C - a scroll of magic mapping {unknown}
 D - a scroll of amnesia {unknown}
Potions
 b - a potion of berserk rage {unknown}
 f - a potion of haste {unknown}
 g - 3 potions of degeneration {unknown}
 h - a potion of experience {unknown}
 m - 4 potions of lignification {unknown}
 o - 2 potions of might
 p - 2 potions of curing {unknown}
 r - a potion of ambrosia {unknown}
 B - a potion of flight {unknown}
Comestibles
 e - 17 rations {!d}
 w - 5 chunks of flesh


   Skills:
 - Level 3.2 Fighting
 + Level 10.6 Maces & Flails
 - Level 3.2 Armour
 - Level 3.2 Shields


You had 7 spell levels left.
You didn't know any spells.
Your spell library contained the following spells:

 Spells                   Type           Power        Failure   Level  Hunger
 Summon Small Mammal      Summ           #...         100%        1    ##.....
 Call Imp                 Summ           #.......     100%        2    ###....
 Call Canine Familiar     Summ           #.......     100%        3    ####...
 Summon Guardian Golem    Hex/Summ       #.......     100%        3    ####...
 Summon Ice Beast         Ice/Summ       #.......     100%        4    #####..
 Summon Lightning Spire   Summ/Air       #.......     100%        4    #####..
 Silence                  Hex/Air        #.........   100%        5    ######.
 Conjure Ball Lightning   Conj/Air       #.........   100%        6    #######
 Deflect Missiles         Chrm/Air       #.........   100%        6    #######
 Tornado                  Air            #.........   100%        9    #######


Dungeon Overview and Level Annotations

Branches:
Dungeon (7/15)
 Temple: D:4-7

Altars:
Cheibriados
Dithmenos
Gozag
Kikubaaqudgha
Makhleb
Nemelex Xobeh
Okawaru
Sif Muna
Trog
Uskayaw
Vehumet
Wu Jian
Xom
Yredelemnul

Shops:
D:4 %

Annotations:
D:4 Sigmund
D:5 exclusion: statue
D:7 Joseph


Innate Abilities, Weirdness & Mutations

You are resistant to torment.
Your stone body is resilient. (AC +5)
You are immune to poison.
You resist negative energy. (rN+)
You are resistant to electric shocks. (rElec)
You can survive without breathing.
You are immune to petrification.
You are immune to rotting.


Message History

An orc wizard comes into view. It is wielding a +0 dagger.
The orc wizard shouts!
You thump the orc!
You kill the orc!
You hear a shout!
The orc wizard casts a spell at you.
The magic dart hits you but does no damage.
The orc wizard casts a spell.
The orc wizard seems to speed up.
Joseph, a Mercenary comes into view.
He is wielding a +0 quarterstaff.
Joseph shouts!
You hear a shout!
The orc wizard hits you but does no damage.
Your shield and chain mail prevent you from hitting the orc wizard.
You block the orc wizard's attack.
The orc wizard points at you and mumbles some strange words.
The puff of flame hits you.
You sock the orc wizard!
The orc wizard hits you but does no damage.
You hit the orc wizard.
You kill the orc wizard!
Joseph unwields a +0 quarterstaff.
Joseph wields a +0 hunting sling.
Joseph shoots a sling bullet.
The sling bullet hits you.
Items here: ( ) [ † a sling bullet; a +0 dagger; a +0 robe; an orc corpse Joseph unwields a +0 hunting sling.
Joseph wields a +0 quarterstaff.
Joseph hits you with a +0 quarterstaff.
You completely miss Joseph.
Your chain mail prevents you from hitting Joseph.
You block Joseph's attack.
You hit Joseph. You block Joseph's attack.
You closely miss Joseph. Joseph hits you but does no damage.
Your chain mail prevents you from hitting Joseph.
Joseph hits you but does no damage.
You thump Joseph! Joseph hits you with a +0 quarterstaff!
* * * LOW HITPOINT WARNING * * *
Unknown command.
Items here: ( ) [ † a sling bullet; a +0 dagger; a +0 robe; an orc corpse Joseph unwields a +0 quarterstaff.
Joseph wields a +0 hunting sling.
Joseph shoots a sling bullet.
The sling bullet barely misses you.
Joseph shoots a sling bullet.
The sling bullet hits you.
* * * LOW HITPOINT WARNING * * *
Unknown command.
Joseph shoots a sling bullet.
The sling bullet hits you.
* * * LOW HITPOINT WARNING * * *
You see here a sling bullet.
Joseph shoots a sling bullet.
You block the sling bullet.
You see here a sling bullet.
Joseph shoots a sling bullet.
The sling bullet hits you!
You die...

####..# .#
#.....# #.#
#.....# #.#
#....@# #.#
#.....###.###
#####..†)...#
#...)...#
#.(.(...#
#.###@###
#(.##.#
##.##.#
#..#.#####
#........#
#........#
#........#
#........#
#........#


You could see Joseph.

Vanquished Creatures
  Grinder (D:5)
  Edmund (D:3)
  Duvessa (D:6)
  A phantom (D:3)
  2 ogres
  A centaur (D:5)
  Dowan (D:6)
  2 scorpions
  A crimson imp (D:5)
  2 orc priests
  3 orc wizards
  6 worker ants
  A howler monkey zombie (D:6)
  6 adders
  4 shadow imps
  An adder zombie (D:5)
  5 worms
  3 dart slugs
  6 leopard geckos
  23 orcs
  2 ball pythons (D:3)
  4 bats
  2 giant cockroaches
  8 goblins
  4 hobgoblins
  20 jackals
  9 frilled lizards
  13 kobolds
  A quokka skeleton (D:6)
  3 rats
137 creatures vanquished.

Notes
Turn   | Place    | Note
-------+----------+-------------------------------------------
     0 | D:1      | MrTaco21 the Gargoyle Fighter began the quest for the Orb.
     0 | D:1      | Reached XP level 1. HP: 14/14 MP: 1/1
   193 | D:1      | Reached XP level 2. HP: 11/19 MP: 2/2
   283 | D:1      | Reached skill level 3 in Maces & Flails
   593 | D:1      | Reached XP level 3. HP: 18/23 MP: 3/3
   991 | D:2      | Found a hide-covered altar of Uskayaw.
  1023 | D:2      | Found an opulent altar of Gozag.
  1056 | D:2      | Reached skill level 4 in Maces & Flails
  1056 | D:2      | Reached XP level 4. HP: 28/28 MP: 4/4
  1164 | D:2      | Found a shadowy altar of Dithmenos.
  1224 | D:2      | Found a burning altar of Makhleb.
  1256 | D:2      | Found a bloodstained altar of Trog.
  1256 | D:2      | Found an iron altar of Okawaru.
  1259 | D:2      | Found a shimmering altar of Xom.
  1739 | D:3      | Found an ornate altar of the Wu Jian Council.
  1842 | D:3      | Reached skill level 5 in Maces & Flails
  1960 | D:3      | Reached XP level 5. HP: 32/32 MP: 5/5
  2247 | D:3      | Found a shimmering blue altar of Sif Muna.
  2491 | D:4      | Found Zuacli's Food Shop.
  2491 | D:4      | Noticed a phantom
  2491 | D:4      | Noticed an ogre
  2553 | D:3      | Killed a phantom
  2553 | D:3      | Reached skill level 6 in Maces & Flails
  2553 | D:3      | Reached XP level 6. HP: 14/37 MP: 6/6
  3128 | D:4      | Noticed Sigmund
  3484 | D:4      | Found a snail-covered altar of Cheibriados.
  3582 | D:4      | Noticed Edmund
  3664 | D:3      | Killed Edmund
  3664 | D:3      | Reached skill level 7 in Maces & Flails
  3664 | D:3      | Reached XP level 7. HP: 13/41 MP: 7/7
  4011 | D:4      | Found a basalt altar of Yredelemnul.
  4087 | D:5      | Entered Level 5 of the Dungeon
  4121 | D:5      | Found a radiant altar of Vehumet.
  4233 | D:5      | Noticed Grinder
  4255 | D:5      | Killed Grinder
  4255 | D:5      | Reached skill level 8 in Maces & Flails
  4490 | D:5      | Reached skill level 9 in Maces & Flails
  4490 | D:5      | Reached XP level 8. HP: 40/46 MP: 8/8
  4599 | D:5      | Found an ancient bone altar of Kikubaaqudgha.
  5313 | D:6      | Noticed Dowan
  5318 | D:6      | Noticed Duvessa
  5337 | D:6      | Killed Duvessa
  5343 | D:6      | Killed Dowan
  5402 | D:6      | Found a sparkling altar of Nemelex Xobeh.
  5509 | D:6      | Reached skill level 10 in Maces & Flails
  5646 | D:6      | Found a sparkling altar of Nemelex Xobeh.
  6371 | D:7      | Noticed Joseph
  6390 | D:7      | Shot with a sling bullet by Joseph

Levels and vault maps discovered:
D:1:      saegor_arrival_under_anarchy, layout_loops_ring, serial_bayou_pond_a,
          minmay_misc_feat_pillars, chequers_serial_rivers_micro_d
D:2:      layout_basic, lemuel_crystal_altar, lemuel_round_altar,
          lemuel_doored_altar, minitemple, nicolae_dithmenos_shadow_blocks
D:3:      layout_loops_ring, lemuel_coloured_pillars_altar,
          nicolae_overflow_hidden_temple, first_ration, grunt_ministairs_15
D:4:      layout_cave_pools, kennysheep_slug_shrine, kennysheep_little_box,
          serial_shops, nicolae_shop_waterfront, uniq_sigmund, uniq_edmund
D:5:      layout_basic, lemuel_round_altar, vehumet_statue, uniq_grinder
D:6:      layout_loops_ring, nemelex_xobeh_ov_fountains_minmay, basic_altar,
          chequers_serial_rivers_micro_b, uniq_duvessa
D:7:      layout_basic, minmay_temple_entry_mini_moons, uniq_joseph

Skill      XL: |  1  2  3  4  5  6  7  8 |
---------------+-------------------------+-----
Maces & Flails | 3 4 5 6 7 9 10 | 10.6
Fighting       | |  3.2
Armour         | |  3.2
Shields        | |  3.2

Action                   |  1- 3 |  4- 6 |  7- 9 || total
-------------------------+-------+-------+-------++-------
Melee: Flail             |   129 |   284 |   250 ||   663
Throw: Boomerang         |     5 |       |       ||     5
       Dart              |       |     2 |     5 ||     7
       Throwing net      |       |     2 |       ||     2
  Eat: Chunk             |     1 |     8 |     6 ||    15
       Ration            |       |       |     1 ||     1
Armor: Scale mail        |    71 |    19 |       ||    90
       Chain mail        |       |   128 |   139 ||   267
Dodge: Dodged            |    36 |    43 |    52 ||   131
Block: Kite shield       |    73 |   121 |    83 ||   277

Table legend:
 A = Non-vault XP
 B = Vault XP
 C = Vault XP percentage of total XP
 D = Non-vault monster count
 E = Vault monster count
 F = Vault count percentage of total count
                 A         B        C        D         E       F
            +---------+---------+-------+---------+---------+-------
      Total |    1407 |     661 |  32.0 |     124 |      13 |   9.5
            +---------+---------+-------+---------+---------+-------
        D:1 |      39 |       0 |   0.0 |      22 |       0 |   0.0
        D:2 |      81 |       0 |   0.0 |      19 |       0 |   0.0
        D:3 |     213 |     170 |  44.4 |      24 |       9 |  27.3
        D:4 |     178 |       4 |   2.2 |      11 |       1 |   8.3
        D:5 |     403 |     295 |  42.3 |      14 |       1 |   6.7
        D:6 |     389 |     192 |  33.0 |      22 |       2 |   8.3
        D:7 |     104 |       0 |   0.0 |      12 |       0 |   0.0
            +---------+---------+-------+---------+---------+-------
